 Dungeon Crawl Stone Soup version 0.20-a0-941-gba1b1f9 (webtiles) character file.

971 Gorglomux the Slasher (level 7, -5/55 HPs)
             Began as a Vampire Chaos Knight on Mar 31, 2017.
             Slain by a wolf (9 damage)
             ... on level 6 of the Dungeon.
             The game lasted 00:19:50 (4862 turns).

Gorglomux the Slasher (Vampire Chaos Knight)        Turns: 4862, Time: 00:19:52

Health: -5/55      AC:  6    Str: 10 (12) XL:     7   Next: 94%
Magic:  6/6        EV: 12    Int: 12 (15) God:    Xom [*.....]
Gold:   369        SH:  0    Dex:  8 (14) Spells: 6/6 levels left

rFire    + . .     SeeInvis +   a - +1 falchion (chaos)
rCold    . . .     Gourm    .   (no shield)
rNeg     . . .     Faith    .   z - +2 leather armour
rPois    .         Spirit   .   y - +1 hat
rElec    .         Reflect  .   D - +0 cloak
rCorr    .         Harm     .   (no gloves)
MR       .....                  K - +0 pair of boots
Stlth    +++.......             (no amulet)
Regen    0.4/turn               l - ring of flight
MPRegen  0.1/turn               f - ring of protection from fire

@: lethally poisoned (-5 -> -8), regenerating quickly
A: claws 1, fangs 3, see invisible, deformed body, deterioration 1, low mp 1,
unbreathing
a: Renounce Religion, Evoke Flight


You were on level 6 of the Dungeon.
You worshipped Xom.
You were a special plaything of Xom.
You were full.

You visited 2 branches of the dungeon, and saw 7 of its levels.

You collected 369 gold pieces.

Inventory:

Hand Weapons
 a - a +1 falchion of chaos (weapon)
 b - a +2 hunting sling of flaming
 v - a +1 dagger of chaos
Missiles
 x - 6 tomahawks (quivered)
 A - 106 stones
 B - 42 sling bullets
Armour
 y - a +1 hat (worn)
 z - a +2 leather armour (worn)
 D - a +0 cloak (worn)
 F - a cursed +0 large shield
 K - a +0 pair of boots (worn)
 O - a +3 plate armour
Jewellery
 f - a ring of protection from fire (right claw)
 l - a ring of flight (left claw)
Wands
 E - a wand of enslavement (9/24)
 L - a wand of lightning (7/15)
Scrolls
 e - 4 scrolls of remove curse
 r - 2 scrolls of magic mapping {unknown}
 s - 2 scrolls of identify {unknown}
 t - a scroll of fear {unknown}
 H - 2 scrolls of fog {unknown}
 M - a scroll of immolation {unknown}
 P - 2 scrolls of amnesia {unknown}
Potions
 d - a potion of flight {unknown}
 q - 13 potions of blood
 u - a potion of ambrosia {unknown}
 w - 2 potions of agility
 C - 3 potions of curing {unknown}
 I - 2 potions of lignification {god gift, unknown}
 J - 2 potions of heal wounds {unknown}
 N - a potion of cancellation {unknown}


   Skills:
 + Level 4.4 Fighting
 * Level 6.8 Long Blades
 - Level 0.7 Armour
 + Level 4.5 Dodging
 + Level 6.1 Stealth


You had 6 spell levels left.
You didn't know any spells.

Dungeon Overview and Level Annotations

Branches:
Dungeon (6/15)             Temple (1/1) D:4

Altars:


Innate Abilities, Weirdness & Mutations

Your natural rate of healing is unusually fast.
You have razor-sharp teeth.
You have supernaturally acute eyesight. (SInv)
You can survive without breathing.
You have sharp fingernails.
Armour fits poorly on your strangely shaped body.
Your body sometimes deteriorates upon taking damage.
Your magical capacity is low. (-10% MP)


Message History

You riposte.
You miss the wolf. You miss the wolf.
You feel sick. The wolf bites you!
* * * LOW HITPOINT WARNING * * *
The wolf bites you but does no damage.
You barely miss the wolf.
You feel sick. The wolf bites you.
* * * LOW HITPOINT WARNING * * *
The wolf barely misses you.
Unknown command.
You hit the wolf.
The wolf is moving more slowly.
The wolf is lightly wounded.
The wolf closely misses you.
The bullfrog skeleton hits you but does no damage.
You hit the wolf. You freeze the wolf. You bite the wolf, but do no damage.
The wolf is lightly wounded.
You feel sick. The wolf bites you.
* * * LOW HITPOINT WARNING * * *
The bullfrog skeleton hits you but does no damage.
The wolf bites you!
You die...
Xom chuckles heartily!

.# .. #. .## ##### /.#
#...# #.# ###...# #Z# #
.##...##########@#.###..
.................h......
.##...#####....##..###..
.#................>..+
.#....####.....###.###
.#....# #.....# .#
...#### #.....# .# ####
#.....# .# #......


You could see a wolf (petrifying) and a bullfrog skeleton.

Vanquished Creatures
  Edmund (D:4)
  A sky beast (D:3)
  An ogre (D:3)
  The ghost of Azzok the Shooter, a weakling CeAM (D:3)
  A crimson imp (D:5)
  A quasit (D:4)
  Crazy Yiuf (D:2)
  3 hounds
  An orc priest (D:4)
  An iguana (D:5)
  2 orc wizards (D:5)
  A centaur skeleton (D:4)
  Natasha (D:4)
  4 worker ants
  A howler monkey zombie (D:5)
  Robin (D:2)
  7 adders
  A river rat (D:5)
  2 oozes
  3 worms (D:2)
  2 dart slugs
  3 leopard geckos
  12 orcs
  8 bats
  3 giant cockroaches (D:2)
  17 goblins
  A hobgoblin (shapeshifter) (D:4)
  11 hobgoblins
  A jackal (D:4)
  13 kobolds
  2 quokkas
  3 ball pythons
  8 frilled lizards
  3 rats
  2 fungi (D:2)
124 creatures vanquished.

Vanquished Creatures (collateral kills)
  An orc (D:5)
  2 jackals (D:4)
3 creatures vanquished.

Grand Total: 127 creatures vanquished

Notes
Turn   | Place    | Note
-------+----------+-------------------------------------------
     0 | D:1      | Gorglomux the Vampire Chaos Knight began the quest for the Orb.
     0 | D:1      | Reached XP level 1. HP: 17/17 MP: 1/1
   163 | D:1      | Reached XP level 2. HP: 23/23 MP: 2/2
   306 | D:1      | XOM: harmless Conj miscast
   331 | D:1      | Reached skill level 1 in Stealth
   534 | D:2      | Reached XP level 3. HP: 13/28 MP: 3/3
   593 | D:2      | Reached skill level 3 in Fighting
   640 | D:2      | XOM: enchant monster (bad)
   643 | D:2      | Reached XP level 4. HP: 28/35 MP: 4/4
   644 | D:2      | XOM: chaos upgrade
   786 | D:2      | XOM: harmless Air miscast
  1002 | D:2      | Noticed Robin
  1046 | D:2      | Killed Robin
  1596 | D:2      | Found a runed door.
  1600 | D:2      | Noticed Crazy Yiuf
  1611 | D:2      | Killed Crazy Yiuf
  1611 | D:2      | Reached XP level 5. HP: 22/41 MP: 5/5
  1677 | D:3      | Reached skill level 3 in Stealth
  1831 | D:3      | Reached skill level 3 in Dodging
  1848 | D:3      | XOM: god gift: scroll labeled DISAGOI HEWKAR {god gift}
  1852 | D:3      | Noticed an ogre
  1862 | D:3      | Killed an ogre
  1904 | D:3      | Noticed Azzok's ghost (weakling CeAM)
  1934 | D:3      | XOM: god gift: murky orange potion {god gift}
  1935 | D:3      | Killed Azzok's ghost
  1935 | D:3      | Reached XP level 6. HP: 48/48 MP: 6/6
  2076 | D:3      | XOM: summons 3 hostile demons
  2394 | D:3      | XOM: give mutations
  2394 | D:3      | Gained mutation: You have sharp fingernails. [Xom's mischief]
  2394 | D:3      | Gained mutation: Your magical capacity is low. (-10% MP) [Xom's mischief]
  2394 | D:3      | Gained mutation: Your body sometimes deteriorates upon taking damage. [Xom's mischief]
  2394 | D:3      | Gained mutation: Armour fits poorly on your strangely shaped body. [Xom's mischief]
  2413 | D:3      | Noticed a sky beast
  2614 | D:3      | Killed a sky beast
  2786 | D:4      | Found a staircase to the Ecumenical Temple.
  2988 | D:4      | Reached XP level 7. HP: 50/54 MP: 6/6
  3012 | D:4      | Noticed Grinder
  3041 | D:4      | Noticed Edmund
  3042 | D:4      | XOM: cloud trail
  3069 | D:4      | XOM: divination: detect items
  3072 | D:4      | HP: 2/54 [Edmund/flail of holy wrath (6)]
  3072 | D:4      | Xom revived you
  3073 | Temple   | Entered the Ecumenical Temple
  3346 | D:4      | XOM: swap monsters
  3353 | D:4      | XOM: summons 7 friendly demons
  3363 | D:4      | Killed Edmund
  3363 | D:4      | Reached skill level 6 in Long Blades
  3578 | D:4      | Noticed Natasha
  3582 | D:4      | Noticed Grinder
  3582 | D:4      | Grinder changed into Grinder the quasit
  3591 | D:4      | XOM: confuse monster(s)
  3595 | D:4      | Killed Grinder the quasit
  3599 | D:4      | XOM: cleaving
  3601 | D:4      | Killed Natasha
  3658 | D:5      | Entered Level 5 of the Dungeon
  3762 | D:5      | XOM: 2-stop teleportation journey
  3810 | D:5      | XOM: potion effect (heal wounds)
  4267 | D:5      | Reached skill level 6 in Stealth
  4477 | D:5      | XOM: noise
  4707 | D:5      | XOM: summons 3 hostile demons
  4769 | D:5      | XOM: silly message
  4841 | D:6      | XOM: confusion (+ monsters)
  4862 | D:6      | Slain by a wolf

Vault maps used:
D:1:      denvon_arrival_waterhouse
D:2:      first_bread, grunt_ministairs_10, hangedman_decor_clover_reticule,
          uniq_crazy_yiuf_cottage, uniq_robin
D:4:      minmay_temple_entry_large_hall, uniq_grinder, uniq_natasha,
          uniq_edmund
D:6:      old_standard_altar, serial_shops, kennysheep_mini,
          nicolae_for_you_no_charge, uniq_prince_ribbit1
Temple:   regret_index_temple_mists

Skill      XL: |  1  2  3  4  5  6  7 |
---------------+----------------------+-----
Stealth        | 1 2 4 6 |  6.1
Fighting       | 3 4 |  4.4
Long Blades    | 4 5 6 |  6.8
Dodging        | 3 4 |  4.5
Armour         | |  0.7

Action                   |  1- 3 |  4- 6 |  7- 9 || total
-------------------------+-------+-------+-------++-------
Melee: Falchion          |    92 |   186 |   152 ||   430
       Bite              |    10 |    29 |    10 ||    49
       Dagger            |       |    10 |       ||    10
 Fire: Hunting sling     |       |    16 |    10 ||    26
 Abil: End Transformatio |       |       |     1 ||     1
       Bat Form          |       |       |     1 ||     1
Evoke: Wand              |       |       |     3 ||     3
  Use: Potion            |     6 |    10 |     8 ||    24
       Scroll            |       |     2 |       ||     2
 Stab: Sleeping          |     1 |     3 |     1 ||     5
       Paralysed         |     3 |     2 |       ||     5
       Petrified         |       |     4 |       ||     4
       Distracted        |       |     1 |       ||     1
       Confused          |       |       |     3 ||     3
       Betrayed ally     |       |       |     1 ||     1
Armor: Leather armour    |    39 |    52 |    52 ||   143
       Plate armour      |       |       |     2 ||     2
Dodge: Dodged            |    76 |   126 |   116 ||   318
       Rpst.: Falchion   |    27 |    42 |    36 ||   105
